 Dungeon Crawl Stone Soup version 0.23.0-3-gf3c87f2 (webtiles) character file.

Game seed: 15018531775976061847

560 Lanoc the Ducker (level 7, -1/55 HPs)
             Began as a Demonspawn Gladiator on Feb 24, 2019.
             Slain by a troll (5 damage)
             ... on level 4 of the Dungeon.
             The game lasted 00:06:30 (2971 turns).

Lanoc the Ducker (Demonspawn Gladiator)             Turns: 2971, Time: 00:06:30

Health: -1/55      AC: 13    Str: 17    XL:     7   Next: 9%
Magic:  7/7        EV: 10    Int:  9    God:
Gold:   223        SH:  0    Dex: 14    Spells: 6/6 levels left

rFire    . . .     SeeInvis .   s - +1 hand axe (freeze)
rCold    . . .     Gourm    .   (no shield)
rNeg     + . .     Faith    .   h - +1 plate armour
rPois    .         Spirit   .   c - +0 helmet
rElec    .         Reflect  .   (no cloak)
rCorr    .         Harm     .   (no gloves)
MR       .....                  (no boots)
Stlth    ..........             (no amulet)
HPRegen  0.18/turn              k - ring of positive energy
MPRegen  0.10/turn              (no ring)

@: no status effects
A: repulsion field 2, powered by death 1
a: no special abilities


You were on level 4 of the Dungeon.
You were not hungry.

You visited 1 branch of the dungeon, and saw 4 of its levels.

You collected 223 gold pieces.

Inventory:

Hand Weapons
 a - a +0 war axe
 s - a +1 hand axe of freezing (weapon)
Armour
 c - a +0 helmet (worn)
 h - a +1 plate armour (worn)
Jewellery
 k - a ring of positive energy (left hand)
Scrolls
 b - a scroll of enchant armour
 i - 5 scrolls of identify
 j - a scroll of enchant weapon {unknown}
 l - a scroll of magic mapping
 n - a scroll of blinking {unknown}
 q - a scroll of remove curse
 r - a scroll of immolation {unknown}
 u - 2 scrolls of fear
Comestibles
 f - 8 rations
 v - a chunk of flesh


   Skills:
 + Level 4.7 Fighting
 - Level 2.6 Axes
 - Level 1.7 Throwing
 + Level 3.7 Armour
 + Level 4.8 Dodging


You had 6 spell levels left.
You didn't know any spells.
Your spell library was empty.

Dungeon Overview and Level Annotations

Branches:
Dungeon (4/15)
 Temple: D:4-7

Altars:
Ashenzari
Elyvilon
Sif Muna
Trog

Shops:
D:4 %

Annotations:
D:3 4 transporters, Yolobob's ghost, weakling MiMo
D:4 Ijyb


Innate Abilities, Weirdness & Mutations

You are surrounded by a moderate repulsion field. (EV +3)
You regenerate a little health from kills.


Message History

* * * LOW HITPOINT WARNING * * *
The troll claws you but does no damage. x2
As you read the scroll labeled OSYNIO KIORUJY, it crumbles to dust.
You feel blessed for a moment.
It was a scroll of remove curse.
The troll bites you.
* * * LOW HITPOINT WARNING * * *
The troll claws you but does no damage. The troll barely misses you.
As you read the scroll labeled BAPRAW VURA, it crumbles to dust.
It is a scroll of enchant armour.
Your +0 plate armour glows green for a moment.
The troll bites you.
* * * LOW HITPOINT WARNING * * *
The troll claws you.
* * * LOW HITPOINT WARNING * * *
The troll barely misses you.
As you read the scroll labeled CETIDA BAXA, it crumbles to dust.
It is a scroll of identify.
u - 2 scrolls of fear The troll bites you.
You die...

..## ####...##.## .##
###....# ## ###..# #
#..## ##..# #..# ####
#### #..# #..###..##
#))##
####.##.##@###...######
#_.##)##.##Tg#........##
###.##.##.##..>........#
#...#...##..........##
#########.........###
###............(#######
#............>..# ##.##
#...............# ##...#
##............#.# #....#


You could see a troll and Ijyb.

Vanquished Creatures
  A phantom (D:4)
  A howler monkey (D:4)
  2 orc priests
  A hound (D:4)
  2 orc wizards
  An iguana (D:4)
  2 worker ants (D:4)
  9 adders
  3 worms
  10 dart slugs
  4 leopard geckos
  15 orcs
  3 giant cockroaches
  8 goblins
  10 hobgoblins
  3 jackals (D:3)
  A quokka (D:3)
  3 ball pythons
  14 bats
  3 frilled lizards
  7 kobolds
  4 rats
107 creatures vanquished.

Vanquished Creatures (others)
  A hobgoblin (D:1)
1 creature vanquished.

Grand Total: 108 creatures vanquished

Notes
Turn   | Place    | Note
-------+----------+-------------------------------------------
     0 | D:1      | Lanoc the Demonspawn Gladiator began the quest for the Orb.
     0 | D:1      | Reached XP level 1. HP: 16/16 MP: 1/1
   222 | D:1      | Gained mutation: You are surrounded by a mild repulsion
                  | field. (EV +2) [demonic ancestry]
   222 | D:1      | Reached XP level 2. HP: 15/22 MP: 2/2
   320 | D:1      | Reached skill level 1 in Armour
   718 | D:1      | Gained mutation: You regenerate a little health from kills.
                  | [demonic ancestry]
   718 | D:1      | Reached XP level 3. HP: 28/28 MP: 3/3
   941 | D:2      | Reached XP level 4. HP: 35/35 MP: 4/4
  1144 | D:2      | Gained mutation: You are surrounded by a moderate repulsion
                  | field. (EV +3) [demonic ancestry]
  1144 | D:2      | Reached XP level 5. HP: 38/41 MP: 5/5
  1334 | D:3      | Found a transporter.
  1335 | D:3      | Noticed Yolobob's ghost (weakling MiMo)
  1490 | D:3      | Found a transporter.
  1645 | D:3      | Reached XP level 6. HP: 46/48 MP: 6/6
  1892 | D:3      | Found a transporter.
  1892 | D:3      | Found a transporter.
  1892 | D:3      | Noticed a hungry ghost
  1911 | D:3      | Found a shattered altar of Ashenzari.
  1912 | D:3      | Found a deep blue altar of Sif Muna.
  2053 | D:4      | Found a white marble altar of Elyvilon.
  2261 | D:4      | Found Feasuywa's Food Emporium.
  2564 | D:4      | Reached XP level 7. HP: 53/55 MP: 7/7
  2875 | D:4      | Found a bloodstained altar of Trog.
  2921 | D:4      | Noticed a troll
  2922 | D:4      | Noticed Ijyb
  2971 | D:4      | Slain by a troll

Skill      XL: |  1  2  3  4  5  6 |
---------------+-------------------+-----
Armour         | 1 2 3 |  3.7
Dodging        | 3 4 |  4.8
Fighting       | 3 4 |  4.7
Axes           | |  2.6
Throwing       | |  1.7

Action                   |  1- 3 |  4- 6 |  7- 9 || total
-------------------------+-------+-------+-------++-------
Melee: War axe           |    96 |   111 |       ||   207
       Hand axe          |       |   155 |    15 ||   170
Throw: Throwing net      |       |       |     3 ||     3
  Use: Potion            |       |       |     7 ||     7
       Scroll            |       |       |     4 ||     4
  Eat: Chunk             |       |     6 |     1 ||     7
Armor: Leather armour    |    12 |       |       ||    12
       Plate armour      |    45 |   208 |    34 ||   287
       Skin              |       |       |     3 ||     3
Dodge: Dodged            |    87 |   168 |    19 ||   274
